 Dungeon Crawl Stone Soup version 0.26.0-45-g9c1d065592 (webtiles) character file.

Game seed: 7183421300569283163

100 runemasterragnar the Insei (level 4, 0/35 HPs)
             Began as a Demigod Transmuter on Jan 29, 2021.
             Slain by a gnoll
             ... wielding a +0 halberd
              (10 damage)
             ... on level 3 of the Dungeon.
             The game lasted 00:03:05 (2487 turns).

runemasterragnar the Insei (Demigod Transmuter)     Turns: 2487, Time: 00:03:06

Health: 0/35       AC:  2    Str: 13    XL:     4   Next: 23%
Magic:  9/9        EV: 13    Int: 19    God:
Gold:   78         SH:  0    Dex: 16    Spells: 1/7 levels left

rFire    . . .     SeeInvis .   f - +0 long sword (elec)
rCold    + . .     Faith    .   (no shield)
rNeg     . . .     Spirit   .   a - +0 robe
rPois    .         Reflect  .   (helmet currently unavailable)
rElec    .         Harm     .   (no cloak)
rCorr    .         Rampage  .   (no gloves)
Will     .....                  (boots currently unavailable)
Stlth    +.........             (no amulet)
HPRegen  0.11/turn              d - ring of protection from cold
MPRegen  0.11/turn              (no ring)

@: appendages (expiring)
A: horns 2, talons 2, high mp 1
a: End Transformation


You were on level 3 of the Dungeon.
You had grown temporary horns.
You had grown temporary talons.
You visited 1 branch of the dungeon, and saw 3 of its levels.

You collected 78 gold pieces.

Inventory:

Hand Weapons
 f - a +0 long sword of electrocution (weapon)
Missiles
 b - 28 poisoned darts
Armour
 a - a +0 robe (worn)
Jewellery
 d - a ring of protection from cold (left hand)
Scrolls
 e - 4 scrolls of identify
 g - 2 scrolls of teleportation
 h - a scroll of enchant weapon {unknown}
 j - a scroll of enchant armour {unknown}
 k - a scroll of magic mapping {unknown}
 l - a scroll of amnesia {unknown}
Potions
 c - 2 potions of curing
 i - a potion of might
 m - a potion of magic {unknown}


   Skills:
 + Level 1.6 Fighting
 + Level 2.2 Dodging
 * Level 3.4 Unarmed Combat
 + Level 2.1 Spellcasting
 * Level 2.8 Transmutations


You had one spell level left.
You knew the following spells:

 Your Spells              Type           Power        Failure   Level
a - Beastly Appendage     Tmut           24%          5%          1
b - Wereblood             Tmut           12%          8%          2
c - Spider Form           Tmut/Pois      3%           28%         3

Your spell library contained the following spells:

 Spells                   Type           Power        Failure   Level
 Ice Form                 Ice/Tmut       7%           67%         4
 Blade Hands              Tmut           6%           82%         5


Dungeon Overview and Level Annotations

Branches:
Dungeon (3/15)


Innate Abilities, Weirdness & Mutations

You have an increased reservoir of magic. (+10% MP)
You have a pair of horns on your head.
You have razor-sharp toenails.


Message History

There are monsters nearby!
Your transformation is almost over.
The gnoll closely misses you.
The gnoll shouts!
You hit the gnoll.
The gnoll is lightly wounded.
The gnoll hits you. The gnoll barely misses you. The gnoll hits you!
You hit the gnoll.
The gnoll is heavily wounded.
The gnoll barely misses you. The gnoll closely misses you.
You riposte.
You barely miss the gnoll. Your kick misses the gnoll. You headbutt the gnoll.
You kill the gnoll!
The gnoll hits you with a +0 halberd!
* * * LOW HITPOINT WARNING * * *
You closely miss the gnoll. Your kick misses the gnoll. The gnoll misses you.
You slash the gnoll! Your kick misses the gnoll.
Your headbutt misses the gnoll.
The gnoll is heavily wounded.
The gnoll misses you. The gnoll hits you with a +0 halberd!
You die...

##########
#........#########
.###...)>.......#
#.##.#######.#
#@#...######.#####
#g#........รท......
#.#...######......
#.##### #.##### #.#
#.##### #.# #......
#.# #.##### #.# #.#
######.#


You could see a gnoll.

Vanquished Creatures
  2 gnolls (D:3)
  An adder (D:3)
  A white imp (D:3)
  3 worms
  3 dart slugs (D:1)
  2 giant cockroaches (D:1)
  6 goblins
  6 hobgoblins
  4 jackals (D:1)
  6 bats
  A frilled lizard (D:2)
  9 kobolds
  8 rats
52 creatures vanquished.

Notes
Turn   | Place    | Note
-------+----------+-------------------------------------------
     0 | D:1      | runemasterragnar the Demigod Transmuter began the quest for
                  | the Orb.
     0 | D:1      | Reached XP level 1. HP: 15/15 MP: 5/5
   225 | D:1      | Reached skill level 1 in Fighting
   481 | D:1      | Reached XP level 2. HP: 21/23 MP: 7/7
   823 | D:1      | Reached skill level 3 in Unarmed Combat
   905 | D:1      | Reached XP level 3. HP: 11/28 MP: 8/8
  1451 | D:1      | Learned a level 2 spell: Wereblood
  1455 | D:1      | Learned a level 3 spell: Spider Form
  1571 | D:2      | You fall into a shaft and drop 1 floor!
  2465 | D:3      | Reached XP level 4. HP: 35/35 MP: 7/9
  2487 | D:3      | Slain by a gnoll

Illustrated notes

Levels and vault maps discovered:
D:1:      minmay_arrival_shattered_statue, layout_rooms,
          hangedman_feature_mirror, minmay_crystal_room, hex_medium
D:2:      layout_basic, minmay_misc_feat_x
D:3:      layout_loops_ring, dancing_weapons_uskayaw

Skill      XL: |  1  2 |
---------------+-------+-----
Fighting       | 1 |  1.6
Transmutations | 2 |  2.8
Unarmed Combat | 3 |  3.4
Dodging        | 2 |  2.2
Spellcasting   | 2 |  2.1

Action                   |  1- 3 |  4- 6 || total
-------------------------+-------+-------++-------
Melee: Unarmed           |   104 |       ||   104
       Kick              |    18 |       ||    18
       Headbutt          |    11 |     1 ||    12
       Long sword        |    12 |     4 ||    16
 Cast: Beastly Appendage |    23 |       ||    23
       Spider Form       |     4 |       ||     4
  Use: Scroll            |     3 |       ||     3
       Potion            |     3 |       ||     3
Armor: Robe              |    14 |       ||    14
       Skin              |     1 |       ||     1
Dodge: Dodged            |    85 |     6 ||    91
       Rpst.: Long sword |     5 |     1 ||     6
